 Dungeon Crawl Stone Soup version 0.22-a0-78-g0f8607c (console) character file.

463 Evablue the Shield-Bearer (level 7, 0/43 HPs)
             Began as a Gargoyle Fighter on Jan 17, 2018.
             Slain by soahar's ghost (3 damage)
             ... on level 4 of the Dungeon.
             The game lasted 00:04:38 (3106 turns).

Evablue the Shield-Bearer (Gargoyle Fighter)        Turns: 3106, Time: 00:04:39

Health: 0/43       AC: 15    Str: 21    XL:     7   Next: 7%
Magic:  7/7        EV:  6    Int:  9    God:
Gold:   219        SH: 10    Dex:  9    Spells: 6/6 levels left

rFire    . . .     SeeInvis .   a - +0 flail
rCold    . . .     Gourm    .   c - +0 shield
rNeg     + . .     Faith    .   v - +0 chain mail
rPois    ∞         Spirit   .   (no helmet)
rElec    +         Reflect  .   (no cloak)
rCorr    .         Harm     +   r - +0 pair of gloves
MR       +....                  (no boots)
Stlth    ..........             l - amulet of harm
HPRegen  0.14/turn              s - ring of wizardry
MPRegen  0.10/turn              t - ring of protection from magic

@: no status effects
A: negative energy resistance 1, electricity resistance, unbreathing,
petrification resistance, rot immunity, AC +4
a: no special abilities


You were on level 4 of the Dungeon.
You were not hungry.

You visited 1 branch of the dungeon, and saw 4 of its levels.

You collected 219 gold pieces.

Inventory:

Hand Weapons
 a - a +0 flail (weapon)
Armour
 b - a +0 scale mail
 c - a +0 shield (worn)
 r - a +0 pair of gloves (worn)
 v - a +0 chain mail (worn)
Jewellery
 l - an amulet of harm (around neck)
 q - an uncursed ring of fire
 s - a ring of wizardry (left hand)
 t - a ring of protection from magic (right hand)
 u - an uncursed ring of protection from fire {unknown}
 w - an uncursed ring of stealth {unknown}
Scrolls
 g - 3 scrolls of teleportation {unknown}
 h - a scroll of fog {unknown}
 k - 3 scrolls of remove curse {unknown}
 p - 2 scrolls of fear {unknown}
Potions
 d - 2 potions of might
 e - a potion of agility {unknown}
 i - a potion of heal wounds {unknown}
 j - 2 potions of ambrosia {unknown}
 m - a potion of lignification {unknown}
 n - a potion of degeneration {unknown}
 o - a potion of berserk rage {unknown}
Comestibles
 f - 9 rations


   Skills:
 + Level 4.3 Fighting
 + Level 4.7 Maces & Flails
 + Level 4.4 Armour
 + Level 1.2 Dodging
 + Level 5.2 Shields


You had 6 spell levels left.
You didn't know any spells.

Dungeon Overview and Level Annotations

Branches:
Dungeon (4/15)
 Temple: D:4-7

Altars:
Xom
Zin

Annotations:
D:4 soahar's ghost, amateur HOFi


Innate Abilities, Weirdness & Mutations

You are resistant to torment.
Your stone body is resilient. (AC +4)
You are immune to poison.
You resist negative energy. (rN+)
You are resistant to electric shocks. (rElec)
You can survive without breathing.
You are immune to petrification.
You are immune to rotting.


Message History

Soahar's ghost hits you but does no damage.
Soahar's ghost hits you.
* * * LOW HITPOINT WARNING * * *
You closely miss soahar's ghost.
Soahar's ghost is almost destroyed.
You block soahar's ghost's attack.
You hit soahar's ghost but do no damage.
Soahar's ghost is almost destroyed.
Soahar's ghost barely misses you.
You closely miss soahar's ghost.
Soahar's ghost is almost destroyed.
You block soahar's ghost's attack.
You hit soahar's ghost but do no damage.
Soahar's ghost is almost destroyed.
Soahar's ghost hits you.
* * * LOW HITPOINT WARNING * * *
You hit soahar's ghost but do no damage.
Soahar's ghost is almost destroyed.
Soahar's ghost hits you.
You die...

#.#... ..#.# ###+#.#.. #
#. #.#.# ........#
#.#.#######.#.#
........#.#.#.........#.#
........#.............#.#
........#...............#
........#.............###
.....<..#.............#
...<....#......W@.....#
..S..)..#.............#
........#.....$.......#
.....W..#.............#
......%.#.............#
......#.#.............#
......#.#.#############
......#.#


You could see soahar's ghost.

Vanquished Creatures
  Grinder (D:3)
  3 orc priests
  An orc wizard (D:3)
  A worker ant (D:4)
  4 adders
  A worm (D:2)
  A leopard gecko (D:2)
  11 orcs
  2 giant cockroaches
  11 goblins
  9 hobgoblins
  2 jackals (D:4)
  10 kobolds
  4 quokkas
  8 bats
  4 frilled lizards
  A leopard gecko skeleton (D:4)
  6 rats
80 creatures vanquished.

Notes
Turn   | Place    | Note
-------+----------+-------------------------------------------
     0 | D:1      | Evablue the Gargoyle Fighter began the quest for the Orb.
     0 | D:1      | Reached XP level 1. HP: 14/14 MP: 1/1
   113 | D:1      | Reached XP level 2. HP: 19/19 MP: 2/2
   646 | D:2      | Reached XP level 3. HP: 23/23 MP: 3/3
  1118 | D:2      | Found a glowing silver altar of Zin.
  1118 | D:2      | Noticed an angel
  1654 | D:2      | Reached skill level 4 in Shields
  1654 | D:2      | Reached XP level 4. HP: 6/29 MP: 4/4
  1928 | D:3      | Reached XP level 5. HP: 33/33 MP: 5/5
  2210 | D:3      | Noticed Grinder
  2245 | D:3      | Paralysed by Grinder for 4 turns
  2251 | D:3      | Killed Grinder
  2251 | D:3      | Reached skill level 1 in Dodging
  2251 | D:3      | Reached skill level 5 in Shields
  2251 | D:3      | Reached XP level 6. HP: 10/38 MP: 6/6
  2896 | D:4      | Noticed soahar's ghost (amateur HOFi)
  3022 | D:4      | Reached XP level 7. HP: 37/43 MP: 7/7
  3046 | D:4      | Found a shimmering altar of Xom.
  3106 | D:4      | Slain by soahar's ghost

Vault maps used:
D:1:      shiori_arrival_maze
D:2:      minmay_door_path, zin_angel, first_ration, minivault_5
D:3:      uniq_grinder
D:4:      xom_teletrap_fun

Skill      XL: |  1  2  3  4  5 |
---------------+----------------+-----
Shields        | 4 5 |  5.2
Maces & Flails | 3 4 |  4.7
Fighting       | 4 |  4.3
Armour         | 4 |  4.4
Dodging        | 1 |  1.2

Action                   |  1- 3 |  4- 6 |  7- 9 || total
-------------------------+-------+-------+-------++-------
Melee: Flail             |   199 |   177 |    29 ||   405
  Eat: Chunk             |     1 |     7 |       ||     8
Armor: Scale mail        |   112 |       |       ||   112
       Chain mail        |       |   118 |     9 ||   127
Dodge: Dodged            |    69 |    40 |     4 ||   113
Block: Shield            |   140 |   110 |    12 ||   262

Table legend:
 A = Spawn XP
 B = Non-spawn XP
 C = Spawn XP percentage of total XP
 D = Spawn monster count
 E = Non-spawn monster count
 F = Spawn count percentage of total count
 G = Total turns spent on level
                    A         B        C        D         E        F      G
               +---------+---------+-------+---------+---------+-------+---------
         Total |       0 |     662 |   0.0 |       0 |      80 |   0.0 |  3106
               +---------+---------+-------+---------+---------+-------+---------
           D:1 |       0 |      25 |   0.0 |       0 |      15 |   0.0 |   538
           D:2 |       0 |      99 |   0.0 |       0 |      25 |   0.0 |  1360
           D:3 |       0 |     440 |   0.0 |       0 |      31 |   0.0 |  1017
           D:4 |       0 |      98 |   0.0 |       0 |       9 |   0.0 |   191
               +---------+---------+-------+---------+---------+-------+---------
